 Dungeon Crawl Stone Soup version 0.29-a0-330-g52719c12eb (webtiles) character file.

Game seed: 6145494375974791941

11 ImHallYall the Sneak (level 2, -2/17 HPs)
             Began as a Kobold Brigand on Apr 12, 2022.
             Slain by a kobold
             ... wielding a +0 short sword
              (3 damage)
             ... on level 1 of the Dungeon.
             The game lasted 00:01:24 (662 turns).

ImHallYall the Sneak (Kobold Brigand)                Turns: 662, Time: 00:01:26

Health: -2/17      AC:  3    Str:  8    XL:     2   Next: 40%
Magic:  2/2        EV: 11    Int: 12    God:
Gold:   13         SH:  0    Dex: 16    Spells: 1/1 levels left

rFire   . . .      SeeInvis .   a - +2 dagger
rCold   . . .      Faith    .   (no shield)
rNeg    . . .      Spirit   .   b - +0 robe
rPois   .          Reflect  .   (no helmet)
rElec   .          Harm     .   c - +0 cloak
rCorr   .          Rampage  .   (no gloves)
Will    .....                   (no boots)
Stlth   ++++......              (no amulet)
HPRegen 0.05/turn               (no ring)
MPRegen 0.08/turn               (no ring)

@: constricted
A: small, no large weapons, nightstalker 3
a: no special abilities


You were on level 1 of the Dungeon.
You visited 1 branch of the dungeon, and saw 1 of its levels.

You collected 13 gold pieces.

Inventory:

Hand Weapons
 a - a +2 dagger (weapon)
Missiles
 d - 9 poisoned darts (quivered)
 e - 3 curare-tipped darts
Armour
 b - a +0 robe (worn)
 c - a +0 cloak (worn)
 g - a +0 buckler
Scrolls
 f - a scroll of immolation {unknown}
 h - a scroll of torment {unknown}
 i - a scroll of identify {unknown}


   Skills:
 + Level 2.2 Fighting
 + Level 3.0 Short Blades
 + Level 2.2 Throwing
 + Level 1.5 Dodging
 + Level 5.8 Stealth


You had one spell level left.
You didn't know any spells.
Your spell library was empty.

Dungeon Overview and Level Annotations

Branches:
Dungeon (1/15)

Altars:


Innate Abilities, Weirdness & Mutations

You are small and have problems with some larger weapons.
You are completely attuned to the shadows.


Message History

A kobold comes into view. It is wielding a +0 short sword.
The kobold shouts!
You hear an angry hiss.
The kobold throws a stone.
The stone hits you but does no damage.
A frilled lizard comes into view.
You see here a scroll labelled RUOXIAN HUCHOCS.
You closely miss the kobold.
A ball python comes into view.
A frilled lizard comes into view.
The kobold barely misses you.
You barely miss the kobold. The kobold barely misses you.
You closely miss the kobold. The frilled lizard bites you.
The kobold closely misses you.
You closely miss the kobold.
The ball python hisses angrily.
The frilled lizard hisses angrily.
You hit the kobold. Your punch misses the kobold.
The kobold is heavily wounded.
The kobold completely misses you. The frilled lizard bites you.
The ball python bites you but does no damage.
The ball python closely misses you.
You miss the kobold.
The kobold is heavily wounded.
The kobold misses you. The frilled lizard barely misses you.
The ball python closely misses you. The ball python misses you.
You barely miss the kobold.
The kobold is heavily wounded.
The ball python bites you. The ball python grabs you.
The ball python constricts you. The frilled lizard bites you.
The kobold barely misses you. The frilled lizard bites you.
You closely miss the kobold.
The kobold is heavily wounded.
The ball python bites you. The ball python constricts you.
The kobold hits you with a +0 short sword.
* * * LOW HITPOINT WARNING * * *
The frilled lizard barely misses you. The frilled lizard closely misses you.
You barely miss the kobold.
The kobold is heavily wounded.
The ball python misses you. The ball python constricts you.
The frilled lizard bites you.
* * * LOW HITPOINT WARNING * * *
The kobold hits you with a +0 short sword.
You die...

### ###.. .......#
..... #......###
....< #........ .....
#......##. ###..
##....@l... ###
###########..##SKl...
..##........###......
.....######## #.####.
........ ..#### ..#
..........# ..#
.........>### ..##
..........##. ...##
..........##. ##..#
.............


You could see a ball python, a kobold and 2 frilled lizards.

Vanquished Creatures
  A dart slug (D:1)
  A goblin (D:1)
  2 kobolds (D:1)
  2 ball pythons (D:1)
  2 bats (D:1)
  3 rats (D:1)
11 creatures vanquished.

Notes
Turn   | Place    | Note
-------+----------+-------------------------------------------
     0 | D:1      | ImHallYall the Kobold Brigand began the quest for the Orb.
     0 | D:1      | Reached XP level 1. HP: 12/12 MP: 1/1
   175 | D:1      | Reached XP level 2. HP: 8/17 MP: 2/2
   662 | D:1      | Slain by a kobold

Illustrated notes

Levels and vault maps discovered:
D:1:      dpeg_arrival_rhombus, layout_rooms,
          shapermc_ecumenical_altar_flowoftime, grunt_decor_one_mirror

Skill      XL: |  1 |
---------------+----+-----
Short Blades   | 3 |  3.0
Fighting       | |  2.2
Throwing       | |  2.2
Dodging        | |  1.5
Stealth        | |  5.8

Action                   || total
-------------------------++-------
Melee: Dagger            ||    33
 Stab: Sleeping          ||     2
Armor: Robe              ||     7
Dodge: Dodged            ||    24
Block: Buckler           ||     3

Table legend: (Time is in decaauts)
 A = Elapsed time spent in this place.
 B = Non-inter-level travel time spent in this place.
 C = Inter-level travel time spent in this place.
 D = Time resting spent in this place.
 E = Time spent auto-exploring this place.
 F = Levels seen in this place.
 G = Mean time per level.
                   A        B        C        D        E       F      G
               +--------+--------+--------+--------+--------+-----+--------+
         Total |    658 |    647 |     11 |    272 |    235 |   1 |  658.0 |
       Dungeon |    658 |    647 |     11 |    272 |    235 |   1 |  658.0 |
               +--------+--------+--------+--------+--------+-----+--------+

Top non-repeatable levels by time:
     D:1: 658 daAuts
